 Dungeon Crawl Stone Soup version 0.21.1-1-g345015f (webtiles) character file.

5847 Bluemoon111 the Geomancer (level 10, -8/59 HPs)
             Began as a Gargoyle Earth Elementalist on July 30, 2018.
             Was a Follower of Vehumet.
             Killed by divine providence
             ... invoked by an orc priest
              (18 damage)
             ... on level 8 of the Dungeon.
             The game lasted 00:26:28 (7762 turns).

Bluemoon111 the Geomancer (GrEE)                    Turns: 7762, Time: 00:26:29

Health: -8/59      AC: 13    Str: 13    XL:     10   Next: 80%
Magic:  7/20       EV: 13    Int: 18    God:    Vehumet [*.....]
Gold:   551        SH:  0    Dex: 10    Spells: 14/23 levels left

rFire    . . .     SeeInvis +   y - +2 dire flail (protect)
rCold    . . .     Gourm    .   (shield currently unavailable)
rNeg     + . .     Faith    .   c - +0 robe
rPois    ∞         Spirit   .   (no helmet)
rElec    +         Reflect  .   k - +0 cloak
rCorr    .         Harm     +   q - +0 pair of gloves
MR       .....                  t - +1 pair of boots
Stlth    ++........             g - amulet of harm
HPRegen  0.19/turn              K - ring of see invisible
MPRegen  0.17/turn              (no ring)

@: no status effects
A: negative energy resistance 1, electricity resistance, unbreathing,
petrification resistance, rot immunity, AC +7
a: Renounce Religion


You were on level 8 of the Dungeon.
You worshipped Vehumet.
Vehumet was aware of your devotion.
You were hungry.

You visited 2 branches of the dungeon, and saw 9 of its levels.
You also visited: Ossuary.

You collected 551 gold pieces.

Inventory:

Hand Weapons
 y - a +2 dire flail of protection (weapon)
Missiles
 b - 55 stones (quivered)
Armour
 a - a +0 buckler
 c - a +0 robe (worn)
 k - a +0 cloak (worn)
 q - a +0 pair of gloves (worn)
 t - a +1 pair of boots (worn)
Jewellery
 g - an amulet of harm (around neck)
 K - a ring of see invisible (left hand)
Wands
 B - a wand of flame (24)
 I - a wand of iceblast (8)
Scrolls
 f - 13 scrolls of identify
 h - 6 scrolls of remove curse
 j - 7 scrolls of teleportation {unknown}
 l - a scroll of noise {unknown}
 p - 2 scrolls of fear {unknown}
 r - 2 scrolls of enchant armour
 s - 10 scrolls of random uselessness {unknown}
 x - 4 scrolls of blinking
 A - 2 scrolls of silence
 C - a scroll of fog
 E - a scroll of immolation {unknown}
 M - 3 scrolls of enchant weapon {unknown}
Potions
 i - 3 potions of agility
 m - 4 potions of degeneration {unknown}
 n - 3 potions of brilliance {unknown}
 o - 3 potions of flight {unknown}
 u - a potion of invisibility {unknown}
 v - a potion of magic {unknown}
 w - a potion of resistance {unknown}
 z - 4 potions of lignification {unknown}
 D - a potion of heal wounds {unknown}
 F - 3 potions of mutation {unknown}
 G - a potion of berserk rage {unknown}
 H - a potion of might {unknown}
Books
 e - a book of Geomancy

   Spells                             Type                      Level
   a - Sandblast                      Earth                        1
   b - Passwall                       Transmutation/Earth          2
   c - Stone Arrow                    Conjuration/Earth            3
   d - Petrify                        Transmutation/Earth          4
   e - Lee's Rapid Deconstruction     Earth                        5
 J - a book of Cantrips

   Spells                             Type                      Level
   a - Confusing Touch                Hexes                        1
   b - Animate Skeleton               Necromancy                   1
   c - Summon Small Mammal            Summoning                    1
   d - Apportation                    Translocation                1
Comestibles
 d - 14 rations
 L - 2 chunks of flesh


   Skills:
 + Level 5.5 Fighting
 + Level 4.9 Maces & Flails
 + Level 2.8 Armour
 + Level 4.6 Dodging
 - Level 2.1 Stealth
 + Level 2.7 Shields
 * Level 7.3 Spellcasting
 + Level 7.2 Conjurations
   Level 0.7 Transmutations
 + Level 9.2 Earth Magic


You had 14 spell levels left.
You knew the following spells:

 Your Spells              Type           Power        Failure   Level  Hunger
a - Sandblast             Erth           #####.       1%          1    None
b - Stone Arrow           Conj/Erth      #####.       1%          3    #......
c - Lee's Rapid Deconstr  Erth           #####.....   6%          5    #####..


Dungeon Overview and Level Annotations

Branches:
Dungeon (8/15)             Temple (1/1) D:7
   Lair: D:8-11

Altars:
Cheibriados
Dithmenos
Fedhas
Gozag
Hepliaklqana
Makhleb
Nemelex Xobeh
Okawaru
Qazlal
Ru
Sif Muna
Trog
Uskayaw
Vehumet
Wu Jian
Xom
Yredelemnul
Zin
The Shining One

Shops:
D:6 *

Annotations:
D:6 shop


Innate Abilities, Weirdness & Mutations

You are resistant to torment.
Your stone body is resilient. (AC +7)
You are immune to poison.
You resist negative energy. (rN+)
You are resistant to electric shocks. (rElec)
You can survive without breathing.
You are immune to petrification.
You are immune to rotting.


Message History

The stone arrow misses the howler monkey.
The stone arrow hits the orc warrior.
The orc warrior is heavily wounded.
The orc warrior misses you.
The howler monkey hits you but does no damage.
Casting: Stone Arrow
Confirm with . or Enter, or press ? or * to list all spells.
Aiming: Stone Arrow
Press: ? - help, Shift-Dir - straight line, f/p - orc warrior
Aim: an orc warrior, wielding a trident and wearing a chain mail (heavily wounded)
The stone arrow hits the howler monkey.
You kill the howler monkey!
Vehumet accepts your kill.
You feel your power returning.
You are feeling hungry.
The orc warrior hits you from afar with a trident!
* * * LOW HITPOINT WARNING * * *
The orc priest invokes the aid of Beogh against you.
Beogh smites you!
You die...

... ....... ....
....... ....#
......o .o.#
....... #..#
.......
#..#....... #or#
##†## ##@##
##..## #....##
#..##..## .. ##
#..# ##..####
#..###. #.#
##.....###..#...
##
#...............
##...####....<...
##...## ##.....


You could see an orc warrior, an orc priest and a quokka.

Vanquished Creatures
  2 two-headed ogres (D:8)
  The ghost of LittleStrapony the Stickfighter, a novice MiFi of Xom (D:8)
  Prince Ribbit (D:6)
  A hippogriff (D:8)
  A hungry ghost (D:8)
  Eustachio (D:5)
  Menkaure (D:5)
  Edmund (D:5)
  A black bear (D:5)
  A sky beast (D:5)
  4 orc warriors
  3 ice beasts
  3 ogres
  A phantom (D:5)
  A necrophage (D:4)
  4 centaurs
  4 bullfrogs
  The ghost of zapotec the Charmwright, an amateur SpSk of Wu Jian (D:3)
  A scorpion (D:8)
  4 howler monkeys
  4 crimson imps
  A bullfrog skeleton (D:4)
  4 hounds
  4 orc priests
  4 human zombies (Ossuary)
  A jelly (D:3)
  5 orc wizards
  2 iguanas (D:7)
  4 worker ants
  4 mummies (Ossuary)
  6 adders
  2 shadow imps
  2 oozes
  An adder zombie (D:6)
  2 adder skeletons
  2 worms (D:2)
  2 dart slugs
  2 leopard geckos
  16 orcs
  2 ball pythons
  6 bats
  7 giant cockroaches
  11 goblins
  7 hobgoblins
  3 jackals (D:2)
  5 kobolds
  2 quokkas
  2 frilled lizards
  2 goblin zombies (Ossuary)
  A hobgoblin zombie (Ossuary)
  A leopard gecko skeleton (D:5)
  An orc zombie (Ossuary)
  4 rats
159 creatures vanquished.

Notes
Turn   | Place    | Note
-------+----------+-------------------------------------------
     0 | D:1      | Bluemoon111 the Gargoyle Earth Elementalist began the quest for the Orb.
     0 | D:1      | Reached XP level 1. HP: 10/10 MP: 3/3
   195 | D:1      | Reached skill level 4 in Earth Magic
   195 | D:1      | Reached XP level 2. HP: 15/15 MP: 3/5
   380 | D:1      | Found an ornate altar of the Wu Jian Council.
   382 | D:1      | Found a shimmering altar of Xom.
   382 | D:1      | Found a deep blue altar of Sif Muna.
   384 | D:1      | Found a glowing golden altar of the Shining One.
   384 | D:1      | Found a blossoming altar of Fedhas.
   384 | D:1      | Found a sparkling altar of Nemelex Xobeh.
   894 | D:2      | Reached XP level 3. HP: 14/19 MP: 4/7
   935 | D:2      | Learned a level 3 spell: Stone Arrow
  1040 | D:2      | Found an ornate altar of the Wu Jian Council.
  1053 | D:2      | Found a hazy altar of Hepliaklqana.
  1235 | D:2      | Reached skill level 1 in Conjurations
  1253 | D:2      | Reached XP level 4. HP: 20/24 MP: 8/8
  1884 | D:3      | Noticed zapotec's ghost (amateur SpSk)
  1908 | D:3      | Killed zapotec's ghost
  1908 | D:3      | Reached skill level 5 in Earth Magic
  1908 | D:3      | Reached XP level 5. HP: 19/28 MP: 2/10
  2625 | D:4      | Noticed a necrophage
  2631 | D:4      | Killed a necrophage
  2631 | D:4      | Reached XP level 6. HP: 29/32 MP: 6/12
  2742 | D:4      | Found a shadowy altar of Dithmenos.
  2759 | D:4      | Reached skill level 6 in Earth Magic
  2801 | D:4      | Reached XP level 7. HP: 29/36 MP: 10/13
  3240 | D:5      | Entered Level 5 of the Dungeon
  3306 | D:5      | Found a blossoming altar of Fedhas.
  3306 | D:5      | Noticed Edmund
  3336 | D:5      | HP: 1/36 [Edmund/dire flail of protection (9)]
  3358 | D:5      | Killed Edmund
  3540 | D:5      | Reached skill level 1 in Fighting
  3633 | D:5      | Noticed Eustachio
  3650 | D:5      | Killed Eustachio
  3650 | D:5      | Reached skill level 7 in Earth Magic
  3650 | D:5      | Reached XP level 8. HP: 38/43 MP: 10/15
  3651 | D:5      | Reached skill level 1 in Maces & Flails
  3651 | D:5      | Reached skill level 5 in Spellcasting
  3691 | D:5      | HP: 2/44 [orc warrior/halberd (7)]
  3714 | D:5      | Reached skill level 5 in Conjurations
  4228 | D:5      | Noticed Menkaure
  4243 | D:5      | Killed Menkaure
  4243 | D:5      | Reached XP level 9. HP: 47/51 MP: 10/17
  4870 | D:6      | Reached skill level 8 in Earth Magic
  5019 | D:6      | Found Qukereho's Assorted Antiques.
  5431 | D:6      | Learned a level 5 spell: Lee's Rapid Deconstruction
  5539 | D:6      | Noticed Prince Ribbit
  5547 | D:6      | HP: 2/52 [Prince Ribbit (6)]
  5548 | D:6      | Killed Prince Ribbit
  6091 | D:7      | Found a sand-covered staircase.
  6110 | Ossuary  | Entered an ossuary
  6404 | D:7      | Found a staircase to the Ecumenical Temple.
  6414 | Temple   | Entered the Ecumenical Temple
  6481 | Temple   | Became a worshipper of Vehumet
  7082 | D:7      | Reached XP level 10. HP: 58/58 MP: 14/19
  7254 | D:8      | Reached skill level 1 in Armour
  7254 | D:8      | Reached skill level 1 in Shields
  7257 | D:8      | Noticed a two-headed ogre
  7263 | D:8      | Killed a two-headed ogre
  7263 | D:8      | Reached skill level 5 in Fighting
  7479 | D:8      | Noticed LittleStrapony's ghost (novice MiFi)
  7501 | D:8      | Killed LittleStrapony's ghost
  7501 | D:8      | Reached * piety under Vehumet
  7501 | D:8      | Offered knowledge of Flame Tongue by Vehumet.
  7501 | D:8      | Reached skill level 9 in Earth Magic
  7695 | D:8      | Noticed a two-headed ogre
  7699 | D:8      | Killed a two-headed ogre
  7762 | D:8      | Killed from afar by an orc priest

Skill      XL: |  1  2  3  4  5  6  7  8  9 10 |
---------------+-------------------------------+-----
Earth Magic    | 4 5 6 7 8 9 |  9.2
Spellcasting   | 3 4 5 6 7 |  7.3
Conjurations   | 1 2 3 4 5 6 7 |  7.2
Fighting       | 1 3 4 5 |  5.5
Dodging        | 2 3 4 |  4.6
Maces & Flails | 2 4 |  4.9
Armour         | 2 |  2.8
Shields        | 2 |  2.7
Stealth        | |  2.1
Transmutations | |  0.7

Action                   |  1- 3 |  4- 6 |  7- 9 | 10-12 || total
-------------------------+-------+-------+-------+-------++-------
Melee: Unarmed           |    17 |       |       |       ||    17
       Short sword       |    42 |   114 |    23 |       ||   179
       Dire flail        |       |       |   155 |    65 ||   220
 Cast: Sandblast         |    24 |    35 |   100 |    18 ||   177
       Stone Arrow       |       |       |    15 |    16 ||    31
       Lee's Rapid Decon |       |       |       |     2 ||     2
Evoke: Wand              |       |       |     1 |       ||     1
  Use: Potion            |       |       |     2 |       ||     2
       Scroll            |       |       |     7 |       ||     7
 Stab: Sleeping          |     3 |     1 |     3 |     1 ||     8
       Distracted        |       |       |     1 |       ||     1
  Eat: Chunk             |     1 |     5 |     8 |     3 ||    17
       Ration            |       |       |     2 |       ||     2
Armor: Robe              |    25 |    72 |    98 |    58 ||   253
Dodge: Dodged            |    38 |    98 |   155 |    50 ||   341
